 Dungeon Crawl Stone Soup version 0.31-a0-14-gc80a10f4b6 (webtiles) character file.

Game seed: 7315855300159793805

845 bande the Chopper (level 8, -8/48 HPs)
             Began as a Gargoyle Fighter on May 8, 2023.
             Was an Initiate of Okawaru.
             Mangled by a gnoll sergeant
             ... wielding a +3 trident of holy wrath
              (12 damage)
             ... on level 6 of the Dungeon.
             The game lasted 00:11:28 (5131 turns).

bande the Chopper (Gargoyle Fighter)                Turns: 5131, Time: 00:11:29

Health: -8/48      AC: 20    Str: 20    XL:     8   Next: 0%
Magic:  9/9        EV: 12    Int:  9    God:    Okawaru [......]
Gold:   299        SH:  6    Dex: 11    Spells: 7/7 levels left

rFire   . . .        a - +1 war axe
rCold   . . .        v - +1 buckler {AC+3}
rNeg    + . .        l - +0 chain mail
rPois   ∞            b - +0 helmet
rElec   +            (no cloak)
rCorr   .            k - +0 pair of gloves
SInv    .            (no boots)
Will    .....        (no amulet) Stlth
                     i - +5 ring of evasion
HPRegen 0.28/turn    (no ring)
MPRegen 0.11/turn

%: no passive effects
@: no status effects
A: sickness immunity, AC +5, negative energy resistance 1, electricity
resistance, torment resistance 1, petrification resistance
a: Renounce Religion


You were on level 6 of the Dungeon.
You worshipped Okawaru.
Okawaru was noncommittal.
You visited 2 branches of the dungeon, and saw 7 of its levels.

You collected 354 gold pieces.
You spent 55 gold pieces at shops.

Inventory:

Hand Weapons
 a - a +1 war axe (weapon)
 u - a +0 flail
Armour
 b - a +0 helmet (worn)
 k - a +0 pair of gloves (worn)
 l - a +0 chain mail (worn)
 v - a +1 buckler of protection (worn)
Jewellery
 i - a +5 ring of evasion (left hand)
Wands
 o - a wand of charming (10)
 p - a wand of roots (4)
Scrolls
 e - 7 scrolls of teleportation
 q - a scroll of identify
 r - a scroll of fog
 t - a scroll of fear
Potions
 c - a potion of attraction {unknown}
 d - a potion of might
 f - 2 potions of haste
 g - 3 potions of curing
 h - 2 potions of brilliance
 j - 3 potions of berserk rage
 m - a potion of flight
 n - a potion of magic
 s - a potion of ambrosia


   Skills:
 + Level 4.9 Fighting
 + Level 5.7 Axes
 + Level 5.1 Armour
 + Level 4.4 Shields
 * Level 1.5 Invocations
 * Level 1.6 Evocations


You had 7 spell levels left.
You didn't know any spells.
Your spell library contained the following spells:

 Spells                   Type           Power      Damage    Failure   Level
 Shock                    Conj/Air       0%         1d3       98%         1
 Slow                     Hex            0%         N/A       98%         1
 Confusing Touch          Hex            0%         N/A       100%        3
 Swiftness                Air            0%         N/A       100%        3
 Vampiric Draining        Necr           0%         2d6       100%        3
 Airstrike                Air            0%         2d(0-16)  100%        4


Dungeon Overview and Level Annotations

Branches:
Dungeon (6/15)             Temple (1/1) D:5

Altars:
Ashenzari
Gozag
Kikubaaqudgha
Makhleb
Nemelex Xobeh
Okawaru
Qazlal
Sif Muna
Uskayaw
Yredelemnul

Shops:
D:3 !   D:5 (


Innate Abilities, Weirdness & Mutations

You are immune to sickness and miasma.
Your stone body is resilient. (AC +5)
You are immune to poison.
You resist negative energy. (rN+)
You are resistant to electric shocks. (rElec)
You are resistant to unholy torment.
You are immune to petrification.


Message History

No target in view!
Things that are here:
a +0 halberd; a gnoll corpse You open the large door.
A hound and a gnoll sergeant come into view.
The gnoll sergeant is wielding a +3 trident of holy wrath.
The hound barks!
The gnoll sergeant shouts!
An ice beast comes into view.
The gnoll sergeant moves out of view.
There are monsters nearby!
The hound bites you but does no damage.
There is a large open door here.
You slash the hound!
The hound is heavily wounded.
The hound bites you but does no damage. The hound misses you.
The gnoll sergeant hits you from afar with a +3 trident of holy wrath!
You slash the hound!
You kill the hound!
Okawaru accepts your kill.
You slash the ice beast! You block the ice beast's attack.
The gnoll sergeant closely misses you.
You have reached level 8!
You feel stronger.
You hit the ice beast.
The ice beast is heavily wounded.
The ice beast hits you. The ice beast freezes you!
The gnoll sergeant closely misses you.
Unknown command.
You hit the ice beast.
The ice beast is severely wounded.
You block the ice beast's attack. The gnoll sergeant barely misses you.
The ice beast hits you. The ice beast freezes you!
* * * LOW HITPOINT WARNING * * *
The gnoll sergeant hits you but does no damage.
The ice beast hits you.
* * * LOW HITPOINT WARNING * * *
The ice beast freezes you.
* * * LOW HITPOINT WARNING * * *
The gnoll sergeant hits you with a +3 trident of holy wrath!
You die...

#............
######..........
#########.###..........<
##...........##..........
#........[...##..........
#..........))............
#...........##...........
..###''##..##)..........
#⌠..Y@##.##...........
#....g##.............#
###...##.##......##.
+...##.##......#
#...##..#....... #####


You could see an ice beast and a gnoll sergeant.

Vanquished Creatures
  A water moccasin (D:5)
  Blork the orc (D:5)
  A gnoll sergeant (D:6)
  3 scorpions
  2 jellies
  2 hounds (D:6)
  3 iguanas
  Terence (D:2)
  An orc wizard (D:4)
  Robin (D:2)
  2 adders (D:6)
  4 gnolls (D:6)
  2 ufetubi (D:5)
  4 worms
  2 dart slugs (D:2)
  7 orcs
  6 bats
  6 endoplasms
  5 giant cockroaches
  11 goblins
  10 hobgoblins
  8 kobolds
  5 quokkas
  10 ball pythons
  2 frilled lizards
  6 rats
106 creatures vanquished.

Notes
Turn   | Place    | Note
-------+----------+-------------------------------------------
     0 | D:1      | bande the Gargoyle Fighter began the quest for the Orb.
     0 | D:1      | Reached XP level 1. HP: 14/14 MP: 1/1
   113 | D:1      | Reached XP level 2. HP: 19/19 MP: 2/2
   425 | D:1      | Reached XP level 3. HP: 24/24 MP: 3/3
   481 | D:1      | Found a faded altar of an unknown god.
  1103 | D:2      | Noticed Terence
  1108 | D:2      | Killed Terence
  1109 | D:2      | Reached XP level 4. HP: 29/29 MP: 4/4
  1299 | D:2      | Noticed Robin
  1345 | D:2      | Killed Robin
  1761 | D:3      | Reached XP level 5. HP: 33/33 MP: 5/5
  1978 | D:3      | Found Toevor's Distillery.
  2045 | D:3      | Bought a potion of heal wounds for 55 gold pieces
  2886 | D:4      | Reached XP level 6. HP: 32/39 MP: 6/6
  3107 | D:4      | Found a burning altar of Makhleb.
  3585 | D:5      | Entered Level 5 of the Dungeon
  3585 | D:5      | Found Fielyes's Weapon Boutique.
  3622 | D:5      | Found a broken altar of Ashenzari.
  3622 | D:5      | Noticed a water moccasin
  3633 | D:5      | Killed a water moccasin
  3692 | D:5      | Reached XP level 7. HP: 44/44 MP: 7/7
  3755 | D:5      | Reached skill level 5 in Axes
  3881 | D:5      | Found a staircase to the Ecumenical Temple.
  3892 | Temple   | Entered the Ecumenical Temple
  4002 | Temple   | Became a worshipper of Warmaster Okawaru
  4398 | D:6      | Noticed Blork the orc
  4417 | D:6      | Reached skill level 1 in Evocations
  4769 | D:5      | Reached skill level 1 in Invocations
  4778 | D:5      | Killed Blork the orc
  4779 | D:5      | Reached skill level 5 in Armour
  5129 | D:6      | Reached XP level 8. HP: 39/48 MP: 9/9
  5131 | D:6      | Mangled by a gnoll sergeant

Illustrated notes

Levels and vault maps discovered:
D:1:      ncdulo_lavacross, layout_loops_ring, ebering_ecumenical_altar_hall,
          chequers_serial_rivers_room_a
D:2:      layout_basic, uniq_terence, uniq_robin
D:3:      layout_loops_ring, serial_shops, shop, hangedman_decor_peaks_small
D:4:      layout_gridville, mainiacjoe_overflow_concentric_impassable
D:5:      layout_cave_pools, mainiacjoe_overflow_tiny_flanked,
          minmay_temple_entry_wispy, serial_shops, shop
D:6:      layout_cave_pools, serial_gnoll_camp, gnoll_camp_mini_loothouse,
          gnoll_camp_mini_house, gnoll_camp_mini_house, gnoll_camp_huts_basic,
          gnoll_camp_mini_hut, gnoll_camp_mini_doghouse, uniq_blork_the_orc,
          uniq_prince_ribbit1
Temple:   regret_index_temple_generic_petals

Skill      XL: |  1  2  3  4  5  6  7 |
---------------+----------------------+-----
Axes           | 2 3 4 5 |  5.7
Fighting       | 4 |  4.9
Armour         | 4 5 |  5.1
Shields        | 4 |  4.4
Evocations     | 1 |  1.6
Invocations    | 1 |  1.5

Action                     |  1- 3 |  4- 6 |  7- 9 || total
---------------------------+-------+-------+-------++-------
  Melee: War axe           |    97 |   147 |    90 ||   334
    Use: Scroll            |     5 |    13 |     2 ||    20
         Potion            |       |       |     1 ||     1
 Armour: Scale mail        |    31 |       |       ||    31
         Chain mail        |       |    73 |    53 ||   126
  Dodge: Dodged            |    60 |    97 |    78 ||   235
  Block: Buckler           |    21 |    37 |    25 ||    83

Table legend: (Time is in decaauts)
 A = Elapsed time spent in this place.
 B = Non-inter-level travel time spent in this place.
 C = Inter-level travel time spent in this place.
 D = Time resting spent in this place.
 E = Time spent auto-exploring this place.
 F = Levels seen in this place.
 G = Mean time per level.
                   A        B        C        D        E       F      G
               +--------+--------+--------+--------+--------+-----+--------+
         Total |   5253 |   5126 |    127 |    850 |   3231 |   7 |  750.4 |
       Dungeon |   5091 |   5014 |     77 |    850 |   3130 |   6 |  848.5 |
        Temple |    161 |    111 |     50 |      0 |    101 |   1 |  161.0 |
               +--------+--------+--------+--------+--------+-----+--------+

Top non-repeatable levels by time:
     D:4: 1124 daAuts
     D:5: 1121 daAuts
     D:2: 920 daAuts
     D:3: 826 daAuts
     D:1: 806 daAuts
     D:6: 292 daAuts
  Temple: 161 daAuts
